Match 21792530
Unlisted

Match 21792530
End
Panzergrenadier Squad
Panzergrenadier Squad
Construct Light Support Kompanie
Selects Italian Infantry
2.5-tonne Medical Truck
MG34 Team
Fire Support Elements
Panzerjäger Mechanized Group
le.IG 18 Support Gun Team
Selects Guastatori Squad
Guastatori Squad
Construct Panzerarmee Kommand
Armored Reserves
Pak 38 Mechanized Group
Guastatori Squad
kerem
Emir Solmaz
kuzu1
Why So Serious !!!!!!
Ace
ⴕ_Fck
0
0

Comments sign in to comment!

No comments posted yet!